 Dungeon Crawl Stone Soup version 0.20-a0-957-g47ad1fd (webtiles) character file.

20 M4edhros the Grave Robber (level 2, -1/17 HPs)
             Began as an Octopode Necromancer on Apr 5, 2017.
             Slain by Sigmund
             ... wielding a +2 scythe of slicing
              (2 damage)
             ... on level 2 of the Dungeon.
             The game lasted 00:01:05 (271 turns).

M4edhros the Grave Robber (Octopode Necromancer)     Turns: 271, Time: 00:01:09

Health: -1/17      AC:  1    Str:  4 (7)  XL:     2   Next: 79%
Magic:  5/5        EV: 13    Int: 19 (22) God:
Gold:   14         SH:  0    Dex: 10 (12) Spells: 3/5 levels left

rFire    . . .     SeeInvis .     - Unarmed
rCold    . . .     Gourm    .   (no shield)
rNeg     . . .     Faith    .   (helmet restricted)
rPois    .         Spirit   .   (no amulet)
rElec    .         Reflect  .   (no ring)
rCorr    .         Harm     .   (no ring)
MR       .....                  (no ring)
Stlth    +++.......             (no ring)
Regen    0.1/turn               (no ring)
MPRegen  0.1/turn               (no ring)
                                (no ring)
                                (no ring)

@: brilliant
A: almost no armour, stealthy swim, amphibious, 8 rings, constrict 8, camouflage
1, gelatinous body 1
a: no special abilities


You were on level 2 of the Dungeon.
You were not hungry.

You visited 1 branch of the dungeon, and saw 2 of its levels.

You collected 14 gold pieces.

Inventory:

Hand Weapons
 c - a +0 hunting sling
Scrolls
 f - a scroll of remove curse {unknown}
 h - a scroll of blinking {unknown}
Books
 a - a book of Necromancy

   Spells                             Type                      Level
   a - Pain                           Necromancy                   1
   b - Animate Skeleton               Necromancy                   1
   c - Vampiric Draining              Necromancy                   3
   d - Regeneration                   Charms/Necromancy            3
   e - Animate Dead                   Necromancy                   4
   f - Control Undead                 Necromancy                   4
Comestibles
 b - a bread ration
 d - 5 chunks of flesh


   Skills:
 - Level 2.0 Dodging
 - Level 2.6 Stealth
 + Level 2.3 Unarmed Combat
 - Level 2.0 Spellcasting
 - Level 4.0 Necromancy


You had 3 spell levels left.
You knew the following spells:

 Your Spells              Type           Power        Failure   Level  Hunger
a - Pain                  Necr           ####         1%          1    #......
b - Animate Skeleton      Necr           N/A          1%          1    #......


Dungeon Overview and Level Annotations

Branches:
Dungeon (2/15)

Altars:

Annotations:
D:2 Sigmund


Innate Abilities, Weirdness & Mutations

You cannot wear most types of armour.
You are very stealthy in the water. (Stealth+)
You are amphibious.
You can wear up to eight rings at the same time.
You can use your tentacles to constrict eight enemies at once.
Your skin changes colour to match your surroundings (Stealth+).
Your rubbery body absorbs attacks. (AC +1, EV +1)


Message History

Sigmund casts a spell.
Sigmund flickers and vanishes!
Deactivating autopickup; reactivate with Ctrl-A.
You tentacle-slap the dart slug. You grab the dart slug.
The dart slug is moderately wounded.
You constrict the dart slug.
Your bat skeleton hits the dart slug.
Your bat skeleton hits the dart slug but does no damage.
It was a potion of degeneration.
There was something very wrong with that liquid.
You feel weakened.
You feel dopey.
You feel clumsy.
You constrict the dart slug.
Your bat skeleton hits the dart slug.
Your bat skeleton hits the dart slug but does no damage.
The dart slug barely misses you. Something hits you.
It was a potion of brilliance.
You feel clever all of a sudden.
You constrict the dart slug.
You kill the dart slug!
Something hits you.
* * * LOW HITPOINT WARNING * * *
You die...

#.##.##.. .
#.......### ..
#...#...... ..
#.######... ######.
#...#..#... #..#...
#...#..#.# #..#...
#..†...+ +..(...
#.Z@..#########.....
#......+..#..'......
#(..#..#.###.#..#...
#.Z.#..#.....#..#...
#.######.....######.
#...#...........#...
#....Z..#####.......
#...##### ##.###.
##### #.....


You could see a friendly bat skeleton and a friendly rat skeleton.

Vanquished Creatures
  An adder (D:2)
  A dart slug (D:2)
  2 leopard geckos
  A goblin (D:1)
  2 bats (D:2)
  2 rats
9 creatures vanquished.

Notes
Turn   | Place    | Note
-------+----------+-------------------------------------------
     0 | D:1      | M4edhros the Octopode Necromancer began the quest for the Orb.
     0 | D:1      | Reached XP level 1. HP: 11/11 MP: 3/3
    76 | D:1      | Reached skill level 1 in Unarmed Combat
    88 | D:1      | Learned a level 1 spell: Animate Skeleton
   217 | D:2      | Reached XP level 2. HP: 10/17 MP: 3/5
   268 | D:2      | Noticed Sigmund
   271 | D:2      | Slain by Sigmund

Vault maps used:
D:1:      matt_arrival_refuge
D:2:      hangedman_ru_absence, serial_curves, eino_curves_03, eino_curves_03,
          kennysheep_generic_room_16, uniq_sigmund

Skill      XL: |  1 |
---------------+----+-----
Unarmed Combat | 2 |  2.3
Dodging        | |  2.0
Stealth        | |  2.6
Spellcasting   | |  2.0
Necromancy     | |  4.0

Action                   || total
-------------------------++-------
Melee: Unarmed           ||    21
       Constrict         ||     9
       Tentacles         ||     4
       Punch             ||     1
 Cast: Animate Skeleton  ||     4
       Pain              ||     1
  Use: Potion            ||     2
 Stab: Sleeping          ||     4
Armor: Skin              ||     3
Dodge: Dodged            ||    16
